 Dungeon Crawl Stone Soup version 0.29-a0-330-g52719c12eb (webtiles) character file.

Game seed: 14590559435876954838

22 kae the Firebug (level 2, 0/18 HPs)
             Began as an Octopode Fire Elementalist on Apr 18, 2022.
             Slain by a goblin
             ... wielding a +0 short sword
              (4 damage)
             ... on level 1 of the Dungeon.
             The game lasted 00:00:17 (773 turns).

kae the Firebug (Octopode Fire Elementalist)         Turns: 773, Time: 00:00:18

Health: 0/18       AC:  1    Str:  7    XL:     2   Next: 91%
Magic:  0/5        EV: 17    Int: 17    God:
Gold:   47         SH:  0    Dex: 12    Spells: 2/5 levels left

rFire   . . .      SeeInvis .   c - +0 dagger
rCold   . . .      Faith    .   (no shield)
rNeg    . . .      Spirit   .   (helmet restricted)
rPois   .          Reflect  .   (no amulet)
rElec   .          Harm     .   f - +4 ring of evasion
rCorr   .          Rampage  .   (no ring)
Will    .....                   (no ring)
Stlth   +++.......              (no ring)
HPRegen 0.06/turn               (no ring)
MPRegen 0.09/turn               (no ring)
                                (no ring)
                                (no ring)

@: very slightly contaminated
A: almost no armour, amphibious, 8 rings, camouflage 1, gelatinous body 1,
(nimble swimmer 1), tentacles
a: no special abilities


You were on level 1 of the Dungeon.
You visited 1 branch of the dungeon, and saw 1 of its levels.

You collected 47 gold pieces.

Inventory:

Hand Weapons
 c - a +0 dagger (weapon)
Jewellery
 f - a +4 ring of evasion (left tentacle)
Scrolls
 d - a scroll of identify {unknown}
 e - a scroll of blinking {unknown}
 g - a scroll of immolation {unknown}
Potions
 a - a potion of magic
 b - a potion of resistance {unknown}


   Skills:
 + Level 0.5 Fighting
 + Level 2.1 Dodging
 + Level 2.9 Stealth
 + Level 2.1 Spellcasting
 + Level 1.3 Conjurations
 * Level 3.4 Fire Magic


You had 2 spell levels left.
You knew the following spells:

 Your Spells              Type           Power      Damage    Failure   Level
a - Foxfire               Conj/Fire      40%        2x1d6     7%          1
b - Scorch                Fire           26%        2d6       7%          2

Your spell library contained the following spells:

 Spells                   Type           Power      Damage    Failure   Level
 Conjure Flame            Conj/Fire      10%        6-21      22%         3
 Inner Flame              Hex/Fire       7%         N/A       28%         3
 Flame Wave               Conj/Fire      10%        2d5       56%         4


Dungeon Overview and Level Annotations

Branches:
Dungeon (1/15)

Altars:


Innate Abilities, Weirdness & Mutations

You cannot wear most types of armour.
You are amphibious.
You can wear up to eight rings at the same time.
Your skin changes colour to match your surroundings (Stealth+).
Your rubbery body absorbs attacks. (AC +1, EV +1)
((You are camouflaged when in or above water. (Stealth+)))
You have tentacles for arms and can constrict up to eight enemies at once.


Message History

Found a +0 club and a coppery potion.
The goblin closely misses you.
Your magical contamination has completely faded away.
You hit the goblin but do no damage. Your grab misses the goblin.
The goblin is moderately wounded.
The bat barely misses you.
The goblin hits you with a +0 short sword.
Casting: Foxfire (safe; 7% risk of failure)
Confirm with . or Enter, or press ? or * to list all spells.
You conjure some foxfire!
The bat completely misses you.
The goblin hits you with a +0 short sword.
The goblin hits you with a +0 short sword.
The bat misses you.
There are monsters nearby!
You are too injured to fight recklessly!
You are too injured to fight recklessly!
There are monsters nearby!
Casting: Foxfire (safe; 7% risk of failure)
Confirm with . or Enter, or press ? or * to list all spells.
You conjure some foxfire!
The bat hits you. The goblin misses you.
The foxfire hits the goblin.
The goblin is heavily wounded.
The bat completely misses you.
The goblin hits you with a +0 short sword.
* * * LOW HITPOINT WARNING * * *
There are monsters nearby!
Casting: Foxfire (safe; 7% risk of failure)
Confirm with . or Enter, or press ? or * to list all spells.
You miscast Foxfire.
You are very lightly contaminated with residual magic.
Nothing appears to happen.
The bat closely misses you. The goblin completely misses you.
There are monsters nearby!
You are too injured to fight recklessly!
You are too injured to fight recklessly!
Casting: Foxfire (safe; 7% risk of failure)
Confirm with . or Enter, or press ? or * to list all spells.
You conjure some foxfire!
The foxfire hits the bat.
The bat is moderately wounded.
The goblin hits you with a +0 short sword.
You die...

##### ....# ....#
###v...# # ###v@g...#
#############..v#b)..#
..†....§)....!###....#
#########.##### ....#
# #.... ...... ##
...#### .......
.#..##### ....!.. ...#
....... #....


You could see a goblin (ally target) and a bat.

Vanquished Creatures
  4 bats (D:1)
  An endoplasm (D:1)
  2 giant cockroaches (D:1)
  2 goblins (D:1)
  2 hobgoblins (D:1)
  2 quokkas (D:1)
  3 ball pythons (D:1)
  2 kobolds (D:1)
  2 rats (D:1)
20 creatures vanquished.

Vanquished Creatures (others)
  51 foxfires (D:1)
51 creatures vanquished.

Grand Total: 71 creatures vanquished

Notes
Turn   | Place    | Note
-------+----------+-------------------------------------------
     0 | D:1      | kae the Octopode Fire Elementalist began the quest for the
                  | Orb.
     0 | D:1      | Reached XP level 1. HP: 11/11 MP: 3/3
   253 | D:1      | Reached XP level 2. HP: 17/17 MP: 3/5
   444 | D:1      | Learned a level 2 spell: Scorch
   773 | D:1      | Slain by a goblin

Illustrated notes

Levels and vault maps discovered:
D:1:      heliophobic_arrival_glass_houses, layout_rooms, minmay_bisected

Action                   || total
-------------------------++-------
Melee: Unarmed           ||    12
       Tentacles         ||     7
       Constrict         ||     4
       Dagger            ||     4
 Cast: Foxfire           ||    32
Armor: Skin              ||     6
Dodge: Dodged            ||    23

Table legend: (Time is in decaauts)
 A = Elapsed time spent in this place.
 B = Non-inter-level travel time spent in this place.
 C = Inter-level travel time spent in this place.
 D = Time resting spent in this place.
 E = Time spent auto-exploring this place.
 F = Levels seen in this place.
 G = Mean time per level.
                   A        B        C        D        E       F      G
               +--------+--------+--------+--------+--------+-----+--------+
         Total |    772 |    772 |      0 |      0 |    641 |   1 |  772.0 |
       Dungeon |    772 |    772 |      0 |      0 |    641 |   1 |  772.0 |
               +--------+--------+--------+--------+--------+-----+--------+

Top non-repeatable levels by time:
     D:1: 772 daAuts
